[Event "Titled Tuesday Blitz March 15 Late 2022"]
[White "Karas, Marek"]
[Black "Jaferian, Koosha"]
[WhiteFideId "14928558"]
[BlackFideId "12507440"]
[WhiteElo "2271"]
[BlackElo "2030"]
[Result "1/2-1/2"]
[Round "03"]
[TimeControl "180+1"]
[Date "2022.03.16"]
[WhiteClock "0:00:06"]
[BlackClock "0:00:08"]

1. d4 Nf6 2. Nf3 e6 3. Bf4 c5 4. e3 Nc6 5. c3 d5 6. Nbd2 Bd6 7. Bg3 O-O 8. Bd3 b6 9. Ne5 Bb7 10. f4 Ne7 11. O-O Nf5 12. Bf2 Be7 13. Qf3 Nd6 14. Bh4 Nfe4 15. Bxe7 Qxe7 16. Bxe4 Nxe4 17. Nxe4 dxe4 18. Qe2 Rfd8 19. Rfd1 f6 20. Ng4 Rac8 21. dxc5 Qxc5 22. Rd4 Rxd4 23. exd4 Qd6 24. g3 Qc6 25. Ne3 f5 26. a4 Rd8 27. Qb5 Qc7 28. a5 Bc6 29. axb6 axb6 30. Qe5 Qd7 31. h4 h6 32. Kg2 Kh7 33. Ra6 Qb7 34. Ra1 Bd7 35. Qd6 Rc8 36. Qe7 Re8 37. Qf7 Bc6 38. Qxb7 Bxb7 39. Ra7 Bc6 40. Rc7 Ba8 41. Kf2 Kg6 42. Ke2 Kf6 43. Kd2 g5 44. Nc4 gxf4 45. gxf4 Kg6 46. Ne5+ Kh5 47. Rg7 Kxh4 48. Ke3 b5 49. Nd7 b4 50. Nf6 bxc3 51. bxc3 Rc8 52. Kd2 Rb8 53. Rg6 Rb2+ 54. Ke3 Rc2 55. Rxh6+ Kg3 56. Rg6+ Kh4 57. d5 Rxc3+ 58. Kd4 Rd3+ 59. Ke5 Bxd5 60. Nxd5 Rxd5+ 61. Kxe6 Ra5 62. Kd6 e3 63. Rg1 Ra4 64. Ke5 e2 65. Kxf5 Kh3 66. Re1 Ra2 67. Ke5 Kg3 68. f5 Kf2 69. Rxe2+ Kxe2 70. f6 Ke3 71. Ke6 Ke4 72. f7 Ra6+ 73. Ke7 Ra7+ 74. Ke6 Ra6+ 75. Ke7 Ra7+ 76. Ke6 Ra8 77. Ke7 Ke5 78. f8=Q Rxf8 79. Kxf8 1/2-1/2


[Site "https://www.chess.com"]

[Event "Titled Tuesday Blitz March 15 Late 2022"]
[White "Kashefi, Amir Hosein"]
[Black "Rosen, Eric"]
[WhiteFideId "12557935"]
[BlackFideId "2032562"]
[WhiteElo "2107"]
[BlackElo "2362"]
[Result "0-1"]
[Round "03"]
[TimeControl "180+1"]
[Date "2022.03.16"]
[WhiteClock "0:00:27"]
[BlackClock "0:01:15"]

1. d4 d5 2. c4 e6 3. Nc3 Nf6 4. cxd5 exd5 5. Qc2 c6 6. Bg5 Na6 7. a3 Bd6 8. e3 h6 9. Bh4 O-O 10. Bd3 Nc7 11. Nge2 Re8 12. Bg3 a5 13. O-O Ne6 14. Rac1 Ng5 15. Bxd6 Qxd6 16. Ng3 Ng4 17. Bf5 g6 18. Bxc8 Raxc8 19. Qe2 h5 20. Rfe1 f5 21. Nf1 Kg7 22. Qd2 Ne4 23. Nxe4 fxe4 24. h3 Nh6 25. Qxa5 Rf8 26. Qb4 Qd7 27. Rc3 Rf6 28. Rb3 Rc7 29. Re2 Nf5 30. Rc2 Nd6 31. Rbc3 Qf5 32. Qxd6 Rxd6 33. Ng3 Qg5 0-1


[Site "https://www.chess.com"]

[Event "Titled Tuesday Blitz March 15 Late 2022"]
[White "Kobalia, Mikhail"]
[Black "Xiong, Jeffery"]
[WhiteFideId "4119150"]
[BlackFideId "2047640"]
[WhiteElo "2667"]
[BlackElo "2727"]
[Result "0-1"]
[Round "03"]
[TimeControl "180+1"]
[Date "2022.03.15"]
[WhiteClock "0:00:01"]
[BlackClock "0:00:52"]

1. e4 c5 2. Nf3 d6 3. d4 cxd4 4. Nxd4 Nf6 5. Nc3 a6 6. Be3 e5 7. Nb3 Be6 8. Qd2 Nbd7 9. O-O-O b5 10. f4 Rc8 11. Kb1 Be7 12. f5 Bc4 13. Bd3 b4 14. Bxc4 Rxc4 15. Nd5 Rxe4 16. Nxb4 Qa8 17. Na5 d5 18. Nbc6 Bd6 19. h3 O-O 20. g4 d4 21. Bg5 Nd5 22. Qd3 Nc5 23. Qc4 Nb6 24. Qf1 Rc8 25. Ne7+ Bxe7 26. Bxe7 Nca4 27. f6 Nd5 28. Rd3 Ne3 29. Qf3 Nxc2 30. Rc1 Ne1 31. Qd1 Nxd3 32. Qxd3 Rxc1+ 33. Kxc1 Re1+ 34. Kd2 Rd1+ 0-1


[Site "https://www.chess.com"]

[Event "Titled Tuesday Blitz March 15 Late 2022"]
[White "Kohler, Aran"]
[Black "Khripachenko, Alexander"]
[WhiteFideId "1002856"]
[BlackFideId "54184975"]
[WhiteElo "2294"]
[BlackElo "2177"]
[Result "0-1"]
[Round "03"]
[TimeControl "180+1"]
[Date "2022.03.16"]
[WhiteClock "0:00:16"]
[BlackClock "0:01:43"]

1. c4 c5 2. Nf3 Nc6 3. g3 g6 4. Bg2 Bg7 5. O-O d6 6. Nc3 Bd7 7. e3 Qc8 8. Re1 h5 9. h4 Nf6 10. d4 O-O 11. d5 Na5 12. Qd3 a6 13. b3 Bf5 14. e4 Nxe4 15. Nxe4 Bxa1 16. Bg5 Bxe4 17. Qxe4 Bf6 18. Bxf6 exf6 19. Qf4 Qd8 20. Nd2 f5 21. Nf3 b5 22. Bf1 bxc4 23. bxc4 Qf6 24. Qd2 Nb7 25. Rb1 Rab8 26. Bd3 f4 27. gxf4 Rfe8 28. f5 Kg7 29. fxg6 fxg6 30. Ng5 Re7 31. Ne6+ Kh8 32. Nf4 Rg8 33. Ng2 Nd8 34. Qh6+ Rh7 35. Qd2 Nf7 36. f4 Nh6 37. Rb6 Ng4 38. Rxa6 Qd4+ 39. Kf1 Re7 40. Ne1 Rf8 41. Kg2 Rxf4 42. Nf3 Rxf3 43. Kxf3 Rf7+ 44. Kg3 Qg1+ 45. Qg2 Qe1+ 46. Kh3 Qe3+ 47. Qg3 Rf3 48. Ra8+ Kg7 49. Ra7+ Kh6 0-1


[Site "https://www.chess.com"]

[Event "Titled Tuesday Blitz March 15 Late 2022"]
[White "Kokoszczynski, Jan"]
[Black "Lobanov, Sergei"]
[WhiteFideId "1174460"]
[BlackFideId "24183750"]
[WhiteElo "2163"]
[BlackElo "2514"]
[Result "0-1"]
[Round "03"]
[TimeControl "180+1"]
[Date "2022.03.16"]
[WhiteClock "0:00:03"]
[BlackClock "0:00:17"]

1. e4 e5 2. Nf3 Nc6 3. Bc4 Nf6 4. Ng5 d5 5. exd5 Na5 6. Bb5+ Bd7 7. Qe2 Bd6 8. Nc3 O-O 9. Bxd7 Qxd7 10. d3 Bb4 11. Bd2 h6 12. Nge4 Nxd5 13. O-O Nc6 14. Rfe1 f5 15. Ng3 Rae8 16. Nxd5 Bxd2 17. Qxd2 Qxd5 18. Qc3 Nd4 19. Ne2 c5 20. Nxd4 cxd4 21. Qb3 Qf7 22. Re2 Re7 23. Rae1 Rfe8 24. f3 g5 25. Qxf7+ Kxf7 26. g4 Kf6 27. Kg2 f4 28. c4 h5 29. h3 Rh8 30. b4 b6 31. a4 a6 32. b5 axb5 33. axb5 Ra8 34. Rd2 Ra3 35. Kf2 Rh7 36. Kg2 Rh8 37. Kg1 Rh7 38. Kg2 Rh8 39. Kg1 hxg4 40. hxg4 Rh3 41. Kg2 Rg3+ 42. Kf2 Rh3 43. Kg2 Rh7 44. Kg1 Rc7 45. Kf2 Ke6 46. Rde2 Rc5 47. Rd2 Kd6 48. Ke2 Rc7 49. Rh1 Kc5 50. Rh6 Ra1 51. Re6 Rh7 52. Rxe5+ Kb4 53. Rxg5 Rh2# 0-1


[Site "https://www.chess.com"]

[Event "Titled Tuesday Blitz March 15 Late 2022"]
[White "Kollars, Dmitrij"]
[Black "Issani, Nameer"]
[WhiteFideId "12909572"]
[BlackFideId "2619130"]
[WhiteElo "2584"]
[BlackElo "2546"]
[Result "0-1"]
[Round "03"]
[TimeControl "180+1"]
[Date "2022.03.15"]
[WhiteClock "0:00:17"]
[BlackClock "0:00:35"]

1. b3 d5 2. Bb2 c6 3. f4 Nd7 4. Nf3 Ngf6 5. g3 g6 6. Bg2 Bg7 7. O-O O-O 8. d3 Ng4 9. Bxg7 Kxg7 10. Qc1 e5 11. fxe5 Ndxe5 12. Nxe5 Nxe5 13. Qb2 f6 14. e4 dxe4 15. Bxe4 Bh3 16. Rf4 Qb6+ 17. d4 Rae8 18. Nd2 g5 19. Rf2 Ng4 20. Re2 f5 21. Nc4 Qc7 22. d5+ Nf6 23. d6 Qd8 24. Bf3 Rxe2 25. Bxe2 b5 26. Ne3 Qb6 27. Qc3 f4 28. gxf4 gxf4 29. Bf3 Qxe3+ 30. Qxe3 fxe3 31. Re1 Nd5 32. Be4 e2 33. Bg2 Bxg2 34. Kxg2 Rd8 35. Kf3 Nc3 36. Rg1+ Kf6 37. Kf2 Rxd6 38. Rg8 Rd1 0-1


[Site "https://www.chess.com"]

[Event "Titled Tuesday Blitz March 15 Late 2022"]
[White "Koutlas, Nikolaos"]
[Black "Sochacki, Christophe"]
[WhiteFideId "25827138"]
[BlackFideId "662569"]
[WhiteElo "1610"]
[BlackElo "2480"]
[Result "0-1"]
[Round "03"]
[TimeControl "180+1"]
[Date "2022.03.16"]
[WhiteClock "0:00:03"]
[BlackClock "0:00:28"]

1. e4 c5 2. Nf3 d6 3. b3 Nf6 4. Nc3 Nc6 5. Bb2 g6 6. Nd5 e5 7. Bc4 Bg7 8. O-O Nxe4 9. Re1 Nf6 10. Nxf6+ Qxf6 11. b4 O-O 12. bxc5 Bg4 13. cxd6 Qxd6 14. d3 Nd4 15. Bxd4 exd4 16. h3 Bd7 17. Rb1 Bc6 18. Nd2 a6 19. Ne4 Qf4 20. g3 Qc7 21. Ng5 h6 22. Ne4 b5 23. Bb3 a5 24. a3 Rac8 25. Qd2 a4 26. Ba2 Bxe4 27. Rxe4 Qxc2 28. Qxc2 Rxc2 29. Bd5 Rc3 30. Rxb5 Rxd3 31. Ra5 Rxa3 32. Re7 d3 33. Bf3 d2 34. Bg4 h5 35. Kg2 hxg4 36. hxg4 0-1


[Site "https://www.chess.com"]

[Event "Titled Tuesday Blitz March 15 Late 2022"]
[White "Kovanova, Baira"]
[Black "Artemenko, Oleg"]
[WhiteFideId "4164083"]
[BlackFideId "14201798"]
[WhiteElo "2190"]
[BlackElo "2287"]
[Result "0-1"]
[Round "03"]
[TimeControl "180+1"]
[Date "2022.03.16"]
[WhiteClock "0:00:53"]
[BlackClock "0:02:07"]

1. e4 e6 2. d3 d5 3. Qe2 Be7 4. Nf3 Nf6 5. g3 O-O 6. e5 Nfd7 7. Bg2 c5 8. O-O Nc6 9. Re1 b5 10. h4 b4 11. Bf4 Ba6 12. Nbd2 Rc8 13. c4 bxc3 14. bxc3 Qa5 15. c4 Nb6 16. Nb3 Qa4 17. Bg5 dxc4 18. Bxe7 Nxe7 19. Ng5 cxd3 20. Qh5 h6 21. Ne4 c4 22. Nbc5 Qa5 23. Nxa6 Qxa6 24. Nd6 Rc5 25. Be4 c3 26. Qf3 d2 27. Rf1 c2 28. Bxc2 Rxc2 29. Ne4 Nbd5 30. Nf6+ gxf6 31. exf6 Ng6 32. h5 Rc3 33. Qg4 Qc4 34. Qh3 Ndf4 35. gxf4 Rxh3 0-1


[Site "https://www.chess.com"]

[Event "Titled Tuesday Blitz March 15 Late 2022"]
[White "Krasteva, Beloslava"]
[Black "Vusatiuk, Vladimir"]
[WhiteFideId "2922029"]
[BlackFideId "14118610"]
[WhiteElo "1689"]
[BlackElo "2157"]
[Result "0-1"]
[Round "03"]
[TimeControl "180+1"]
[Date "2022.03.16"]
[WhiteClock "0:00:03"]
[BlackClock "0:00:29"]

1. d4 Nf6 2. c4 c5 3. d5 b5 4. cxb5 a6 5. b6 d6 6. Nc3 Qxb6 7. e4 g6 8. Nf3 Bg7 9. Nd2 O-O 10. Be2 Nbd7 11. Nc4 Qc7 12. Bf4 Nb6 13. Ne3 Nfd7 14. O-O Bb7 15. Bg3 Rfc8 16. f4 c4 17. Bg4 Rcb8 18. Kh1 Nc5 19. Qf3 Nd3 20. e5 Nxb2 21. f5 dxe5 22. fxg6 fxg6 23. Qf7+ Kh8 24. Rab1 N2a4 25. Nxa4 Nxa4 26. Rfc1 c3 27. Rb4 Nc5 28. Rxc3 Rf8 29. Rxb7 Qxb7 30. Qxg7+ Kxg7 31. Bxe5+ Rf6 32. Rxc5 Qb1+ 33. Nd1 Qe4 34. Bxf6+ exf6 35. Bf3 Qe1# 0-1


[Site "https://www.chess.com"]

[Event "Titled Tuesday Blitz March 15 Late 2022"]
[White "Krishnan, Varun"]
[Black "Quesada Perez, Yuniesky"]
[WhiteFideId "5054508"]
[BlackFideId "3504409"]
[WhiteElo "2573"]
[BlackElo "2622"]
[Result "0-1"]
[Round "03"]
[TimeControl "180+1"]
[Date "2022.03.15"]
[WhiteClock "0:00:03"]
[BlackClock "0:01:01"]

1. e4 d5 2. exd5 Qxd5 3. Nc3 Qa5 4. d4 Nf6 5. Nf3 Bf5 6. Bc4 e6 7. Bd2 Bb4 8. a3 Bxc3 9. Bxc3 Qb6 10. O-O Nc6 11. Ne5 Ne4 12. Nxc6 Nxc3 13. bxc3 Qxc6 14. Bd3 Bg6 15. Bxg6 hxg6 16. Qd3 O-O-O 17. Rab1 Rh5 18. Rb3 Rdh8 19. h3 Rg5 20. f3 Rxh3 21. Qe4 Rhg3 22. Rf2 Qxe4 23. fxe4 f5 24. c4 Rxb3 25. cxb3 Rg4 26. exf5 gxf5 27. Rd2 Rg3 28. d5 e5 29. Rb2 e4 30. Kf2 Rd3 31. a4 a5 32. Rb1 b6 33. Ke2 g6 34. g4 fxg4 35. Rg1 g3 36. Rb1 Kd7 37. Kf1 Kd6 38. b4 axb4 39. Rxb4 Kc5 40. Rb1 Rd2 41. Re1 Kd4 42. Rc1 e3 43. Kg1 e2 44. Re1 Rd1 0-1


[Site "https://www.chess.com"]

[Event "Titled Tuesday Blitz March 15 Late 2022"]
[White "Ladan, Nicholas"]
[Black "Donatti, Alvaro"]
[WhiteFideId "30918855"]
[BlackFideId "3000303"]
[WhiteElo "2167"]
[BlackElo "2138"]
[Result "1-0"]
[Round "03"]
[TimeControl "180+1"]
[Date "2022.03.16"]
[WhiteClock "0:00:18"]
[BlackClock "0:00:02"]

1. d4 Nf6 2. Bf4 g6 3. e3 Bg7 4. Nf3 d6 5. h3 O-O 6. Nbd2 Nc6 7. c3 Nd7 8. Bc4 e5 9. Bg5 Qe8 10. a4 Kh8 11. O-O f5 12. d5 Ne7 13. e4 f4 14. b4 h6 15. Bxe7 Qxe7 16. Bd3 g5 17. Nh2 Nf6 18. c4 Qf7 19. c5 Qg6 20. f3 Nh5 21. Re1 Ng3 22. Ndf1 h5 23. Nxg3 fxg3 24. Nf1 g4 25. fxg4 hxg4 26. Re3 Bh6 27. Rxg3 Bf4 28. Rxg4 Bxg4 29. Qxg4 Qxg4 30. hxg4 Kg7 31. Be2 Kf6 32. Bf3 Rh8 33. Kf2 a5 34. Rb1 b6 35. cxb6 cxb6 36. Ne3 Rac8 37. bxa5 bxa5 38. Rb6 Rhd8 39. Ra6 Rc3 40. Nf5 Rc2+ 41. Be2 Rb8 42. Rxd6+ Kg5 43. g3 Rbb2 44. gxf4+ Kxf4 45. Ng3 Rxe2+ 46. Nxe2+ Kxe4 47. g5 Ra2 48. g6 Rxa4 49. g7 1-0


[Site "https://www.chess.com"]

[Event "Titled Tuesday Blitz March 15 Late 2022"]
[White "Le Goff, Ronan"]
[Black "Eames, Robert S"]
[WhiteFideId "612073"]
[BlackFideId "408743"]
[WhiteElo "2276"]
[BlackElo "2105"]
[Result "1-0"]
[Round "03"]
[TimeControl "180+1"]
[Date "2022.03.16"]
[WhiteClock "0:00:20"]
[BlackClock "0:00:02"]

1. Nf3 f5 2. d3 Nc6 3. e4 e5 4. Nc3 Nf6 5. Bg5 Bb4 6. exf5 d5 7. d4 e4 8. Ne5 Bxf5 9. Bb5 Qd6 10. O-O Bxc3 11. bxc3 O-O 12. c4 Nxe5 13. dxe5 Qxe5 14. Bxf6 Rxf6 15. cxd5 Rd8 16. c4 Rh6 17. g3 e3 18. Qf3 Bh3 19. Rfe1 exf2+ 20. Qxf2 Qh5 21. Re7 Rf6 22. Qe2 Rdf8 23. c5 Qxe2 24. Bxe2 Rf2 25. d6 Rg2+ 26. Kh1 Rff2 27. Bc4+ Kf8 28. Rf7+ Rxf7 29. Bxf7 Kxf7 30. Rf1+ Ke8 31. Re1+ Kd8 32. a4 cxd6 33. cxd6 Rd2 34. Kg1 Rxd6 35. Re5 Rd2 36. Rh5 Bg4 37. Rxh7 Rd7 38. a5 Bf3 39. Kf2 Bc6 40. Rh8+ Kc7 41. Rf8 a6 42. h4 Re7 43. g4 g6 44. Rf6 Rg7 45. Kg3 Kd7 46. Kf4 Ke7 47. Kg5 Rf7 48. Rxg6 Be4 49. Rb6 1-0


[Site "https://www.chess.com"]

[Event "Titled Tuesday Blitz March 15 Late 2022"]
[White "Lewicki, Miroslaw"]
[Black "Jaracz, Pawel"]
[WhiteFideId "1113380"]
[BlackFideId "1102222"]
[WhiteElo "2283"]
[BlackElo "2429"]
[Result "1-0"]
[Round "03"]
[TimeControl "180+1"]
[Date "2022.03.16"]
[WhiteClock "0:00:22"]
[BlackClock "0:00:07"]

1. g3 c5 2. Bg2 Nc6 3. Nf3 d6 4. O-O h5 5. d4 cxd4 6. Nxd4 Bd7 7. c4 h4 8. Nc3 hxg3 9. hxg3 Rc8 10. Be3 Qa5 11. Nd5 e6 12. b4 Qd8 13. Nc3 Ne5 14. Ndb5 Nxc4 15. Bxa7 d5 16. e4 dxe4 17. Bxe4 Bxb4 18. Qd4 Bxb5 19. Nxb5 Qxd4 20. Bxd4 Nf6 21. Bxb7 Rb8 22. Bc6+ Ke7 23. Rfc1 Nd6 24. Na7 Ba3 25. Rc2 Rh5 26. Bf3 Rhb5 27. Nc6+ Kf8 28. Nxb8 Rxb8 29. Bc5 Bxc5 30. Rxc5 Nd7 31. Rc7 Ne5 32. Bg2 Rb2 33. a4 Nd3 34. Rd1 Rb3 35. Rd7 1-0


[Site "https://www.chess.com"]

[Event "Titled Tuesday Blitz March 15 Late 2022"]
[White "Lewtak, Damian"]
[Black "Hamley, Ryan"]
[WhiteFideId "1141724"]
[BlackFideId "30959497"]
[WhiteElo "2362"]
[BlackElo "2538"]
[Result "0-1"]
[Round "03"]
[TimeControl "180+1"]
[Date "2022.03.16"]
[WhiteClock "0:00:04"]
[BlackClock "0:00:06"]

1. e4 c6 2. Nf3 g6 3. d3 Bg7 4. g3 d5 5. Bg2 e5 6. O-O Ne7 7. Re1 d4 8. Nbd2 O-O 9. a4 f5 10. exf5 Rxf5 11. Bh3 Rh5 12. Bxc8 Nxc8 13. Nc4 Nd7 14. g4 Rh4 15. Nxh4 Qxh4 16. Qf3 Ne7 17. Qg3 Qf6 18. Bd2 Nd5 19. Re2 Re8 20. Rae1 Qf7 21. f4 Rf8 22. Nxe5 Nxe5 23. fxe5 Qe6 24. Rf1 Re8 25. h3 Bxe5 26. Rfe1 Ne3 27. Rxe3 dxe3 28. Qxe3 Qd6 29. Kg2 Re7 30. Qe4 Bf6 31. Qc4+ Kg7 32. Rxe7+ Qxe7 33. d4 Qe4+ 34. Kf1 Bxd4 35. Bc3 Qh1+ 36. Ke2 Qg2+ 37. Kd3 Bxc3 38. Qxc3+ Kh6 39. Kc4 a5 40. Qe3+ Kg7 41. Qe7+ Kh6 42. Qe3+ Kg7 43. Qc3+ Kf7 44. Qxa5 Qxc2+ 45. Qc3 Qxa4+ 46. Kd3 Qb5+ 47. Ke3 Qd5 48. Qb4 b5 49. Kf4 Ke6 50. Qa5 Qe5+ 51. Kf3 Qxb2 52. Qc7 Qc3+ 53. Kf4 Qd4+ 54. Kf3 Qd5+ 55. Kf2 h5 56. Qg7 Qe4 57. gxh5 gxh5 58. Qh6+ Ke5 59. Qh8+ Kd5 60. Qxh5+ Qe5 61. Qf7+ Kc5 62. Qg8 Qf4+ 63. Kg2 b4 64. h4 Qxh4 65. Qf8+ Kc4 66. Qb8 Qg5+ 67. Kf3 Qc5 68. Qg8+ Qd5+ 0-1


[Site "https://www.chess.com"]

[Event "Titled Tuesday Blitz March 15 Late 2022"]
[White "Ljukin, Sergei"]
[Black "Van den Dikkenberg, Erik"]
[WhiteFideId "14102200"]
[BlackFideId "1005880"]
[WhiteElo "2312"]
[BlackElo "2118"]
[Result "0-1"]
[Round "03"]
[TimeControl "180+1"]
[Date "2022.03.16"]
[WhiteClock "0:00:16"]
[BlackClock "0:00:14"]

1. e4 c5 2. Nf3 d6 3. d4 cxd4 4. Nxd4 Nf6 5. Nc3 a6 6. Bg5 e6 7. f4 Nc6 8. Nxc6 bxc6 9. Qf3 Qb6 10. O-O-O Rb8 11. b3 Be7 12. e5 Nd5 13. Bxe7 Kxe7 14. exd6+ Kxd6 15. Ne4+ Ke7 16. Kb2 Rd8 17. Bc4 Kf8 18. Qh5 h6 19. Qh4 Bd7 20. g4 Qe3 21. Rhe1 Qxf4 22. Nc5 Qf6+ 23. Qxf6 gxf6 24. Bxa6 Be8 25. a3 Nf4 26. Nb7 Rxd1 27. Rxd1 Nd5 28. Nc5 Kg7 29. Be2 Nf4 30. Bf3 e5 31. a4 Ne6 32. h4 Nxc5 33. a5 Ra8 34. b4 Na6 35. b5 Rb8 36. c4 cxb5 37. Rd6 bxc4+ 38. Kc3 Nc5 39. Kxc4 e4 40. Bg2 Nd3 41. Bxe4 Ne5+ 42. Kc5 Rb5+ 43. Kd4 Rxa5 44. Rd8 Ra4+ 45. Ke3 Bb5 46. h5 Nxg4+ 47. Kf4 Ne5 48. Rd1 Bd3 49. Rg1+ Kf8 50. Kf5 Bxe4+ 51. Kxf6 Nd7# 0-1


[Site "https://www.chess.com"]

[Event "Titled Tuesday Blitz March 15 Late 2022"]
[White "Magallanes, Rey Jomar"]
[Black "Al-Tarboush, Ward"]
[WhiteFideId "5205948"]
[BlackFideId "7601450"]
[WhiteElo "2237"]
[BlackElo "2276"]
[Result "0-1"]
[Round "03"]
[TimeControl "180+1"]
[Date "2022.03.16"]
[WhiteClock "0:00:09"]
[BlackClock "0:00:35"]

1. e4 b6 2. d4 Bb7 3. Nc3 e6 4. Nf3 Bb4 5. Bd3 Nf6 6. e5 Ne4 7. Bxe4 Bxe4 8. O-O Bb7 9. Be3 d6 10. exd6 Bxd6 11. Qe2 O-O 12. Rad1 Nd7 13. d5 exd5 14. Nxd5 Bxd5 15. Rxd5 Nf6 16. Rdd1 Qe8 17. Qd3 Qa4 18. a3 Rfe8 19. Nd4 Rad8 20. Qb5 Qxb5 21. Nxb5 Be5 22. h3 a6 23. Nd4 h6 24. c3 c5 25. Nc6 Rxd1 26. Rxd1 Bc7 27. b4 Re6 28. Nd8 Re8 29. Nc6 cxb4 30. cxb4 b5 31. Bc5 Ne4 32. Bd4 Re6 33. Na7 Rd6 34. Nc8 Rd7 35. Na7 Nc3 36. Rd3 Rxd4 37. Rxc3 Rd1# 0-1


[Site "https://www.chess.com"]

[Event "Titled Tuesday Blitz March 15 Late 2022"]
[White "Maghsoodloo, Parham"]
[Black "Kucuksari, Kaan"]
[WhiteFideId "12539929"]
[BlackFideId "6380166"]
[WhiteElo "2630"]
[BlackElo "2305"]
[Result "1-0"]
[Round "03"]
[TimeControl "180+1"]
[Date "2022.03.15"]
[WhiteClock "0:00:09"]
[BlackClock "0:00:04"]

1. e4 c5 2. Nf3 e6 3. c3 d5 4. exd5 exd5 5. d4 Nf6 6. Bd3 Bd6 7. dxc5 Bxc5 8. O-O O-O 9. Nbd2 Nc6 10. Nb3 Bb6 11. Re1 Bg4 12. h3 Bh5 13. Be3 Re8 14. Bxb6 Qxb6 15. Be2 Re4 16. Nfd2 Rxe2 17. Rxe2 Bxe2 18. Qxe2 Re8 19. Qf1 a5 20. a4 h6 21. Qb5 Qc7 22. Nf3 Ne4 23. Re1 Re6 24. Qxd5 Nf6 25. Qd1 Rxe1+ 26. Nxe1 Qb6 27. Nd3 Ne4 28. Nbc1 Ne5 29. Qe2 Nxd3 30. Nxd3 Qc6 31. Qc2 Qd5 32. Ne1 Nc5 33. b4 Ne6 34. Nf3 Qc4 35. Qd2 Qb3 36. bxa5 Qxa4 37. Qd5 Qa1+ 38. Kh2 Qxc3 39. g3 Qc7 40. Kg2 Nc5 41. Ne5 Ne6 42. h4 Nd8 43. Kf3 Nc6 44. Nxc6 bxc6 45. Qc5 Qd7 46. Kg2 Qe6 47. a6 Qe4+ 48. Kh2 Qa4 49. a7 Qa2 50. Qb6 Kh7 51. Qc5 g6 52. h5 Kg7 53. hxg6 fxg6 54. Qe7+ Kg8 55. Qd8+ Kg7 56. Qe7+ Kg8 57. Qc5 Kg7 58. Kg2 h5 59. Qe7+ Kh6 60. Qf8+ Kh7 61. a8=Q Qd5+ 62. Qf3 Qd7 63. Qaxc6 Qg7 64. Qcf6 1-0


[Site "https://www.chess.com"]

[Event "Titled Tuesday Blitz March 15 Late 2022"]
[White "Maltsevskaya, Aleksandra"]
[Black "Urbina Perez, Juan Antonio"]
[WhiteFideId "24174041"]
[BlackFideId "2217368"]
[WhiteElo "2241"]
[BlackElo "2192"]
[Result "1-0"]
[Round "03"]
[TimeControl "180+1"]
[Date "2022.03.16"]
[WhiteClock "0:00:23"]
[BlackClock "0:00:44"]

1. e4 c5 2. Nf3 d6 3. d4 cxd4 4. Nxd4 Nf6 5. Nc3 a6 6. g3 e5 7. Nb3 h5 8. h3 Nc6 9. Bg2 Be7 10. O-O Be6 11. Be3 Qc8 12. Nd5 Bxd5 13. exd5 Nb4 14. c3 Nbxd5 15. Bxd5 Nxd5 16. Qxd5 Qxh3 17. Qxb7 Rd8 18. Qc6+ Kf8 19. Qg2 Qg4 20. Rad1 h4 21. f3 Qe6 22. f4 h3 23. Qe4 f5 24. fxe5 h2+ 25. Kh1 g6 26. Qf3 dxe5 27. Nc5 Qc8 28. Rxd8+ Bxd8 29. Qd5 Bf6 30. Rd1 Rh7 31. Ne6+ Kg8 32. Ng5+ Kg7 33. Qd7+ Qxd7 34. Rxd7+ Kg8 35. Nxh7 1-0


[Site "https://www.chess.com"]

[Event "Titled Tuesday Blitz March 15 Late 2022"]
[White "Mangialardo, Tiago Carvalho"]
[Black "Hoffmann, Asa"]
[WhiteFideId "2130718"]
[BlackFideId "2001470"]
[WhiteElo "2070"]
[BlackElo "2117"]
[Result "1-0"]
[Round "03"]
[TimeControl "180+1"]
[Date "2022.03.16"]
[WhiteClock "0:00:06"]
[BlackClock "0:00:21"]

1. e4 d6 2. d4 Nf6 3. Nd2 c6 4. f4 e5 5. fxe5 dxe5 6. dxe5 Ng4 7. Qf3 Bc5 8. Nh3 Nxe5 9. Qg3 Qf6 10. Nb3 Bd6 11. Bg5 Qg6 12. O-O-O Bxh3 13. Qxe5+ Qe6 14. Qxg7 Rf8 15. e5 Be7 16. Bxe7 Qxe7 17. gxh3 Nd7 18. Bc4 O-O-O 19. Rhe1 h5 20. e6 Nb6 21. exf7 Rxd1+ 22. Kxd1 Qd6+ 23. Bd3 Kc7 24. Re8 Nd7 25. Rxf8 Nxf8 26. Nd2 b5 27. Ne4 Qe7 28. Qf6 Qxf6 29. Nxf6 h4 30. Nh7 Ne6 31. f8=Q Nxf8 32. Nxf8 Kd6 33. Ng6 a6 34. Nxh4 c5 35. Nf5+ Ke5 36. Ng3 c4 37. Be2 Kf4 38. Kd2 a5 39. c3 Kg5 40. a4 bxa4 41. Bxc4 Kh4 42. Bb5 Kxh3 43. Bxa4 Kxh2 44. Ne2 Kg2 45. Ke3 Kf1 46. c4 Ke1 47. c5 Kf1 48. c6 1-0


[Site "https://www.chess.com"]

[Event "Titled Tuesday Blitz March 15 Late 2022"]
[White "Matinian, Nikita"]
[Black "Logozar, Elijah"]
[WhiteFideId "24129100"]
[BlackFideId "30963788"]
[WhiteElo "2422"]
[BlackElo "2530"]
[Result "1-0"]
[Round "03"]
[TimeControl "180+1"]
[Date "2022.03.16"]
[WhiteClock "0:01:16"]
[BlackClock "0:00:39"]

1. e4 c6 2. Nc3 d5 3. Nf3 dxe4 4. Nxe4 Nf6 5. Qe2 Bg4 6. Nxf6+ gxf6 7. c3 Qd5 8. d4 Nd7 9. Be3 e5 10. h3 Bxf3 11. gxf3 O-O-O 12. O-O-O Qxa2 13. Qc4 Qxc4 14. Bxc4 exd4 15. cxd4 Nb6 16. Bxf7 Nd5 17. Rhg1 Bd6 18. Rg7 Kb8 19. Bxd5 cxd5 20. Rdg1 Kc8 21. Rf7 Rd7 22. Rxf6 Rf8 23. Rxf8+ Bxf8 24. Rg8 Rd8 25. Rh8 h6 26. Kd1 Kd7 27. Bxh6 Bxh6 28. Rxh6 Rf8 29. Ke2 Re8+ 30. Kd2 Rf8 31. Ke3 Re8+ 32. Kf4 Re2 33. b4 Rb2 34. Ke5 Rxb4 35. f4 Rb2 36. f5 Rxf2 37. Rh7+ Kc6 38. f6 a5 39. f7 a4 40. Rh6+ Kd7 41. Rf6 Re2+ 42. Kxd5 a3 43. f8=Q a2 44. Qd6+ Ke8 45. Rf8# 1-0


[Site "https://www.chess.com"]

[Event "Titled Tuesday Blitz March 15 Late 2022"]
[White "Meduri, Aakaash"]
[Black "Royal, Shreyas"]
[WhiteFideId "2032252"]
[BlackFideId "448869"]
[WhiteElo "2096"]
[BlackElo "1986"]
[Result "1-0"]
[Round "03"]
[TimeControl "180+1"]
[Date "2022.03.16"]
[WhiteClock "0:00:14"]
[BlackClock "0:01:21"]

1. e4 e5 2. Nc3 Nf6 3. Nf3 Nc6 4. Nxe5 Nxe5 5. d4 Ng6 6. e5 Ng8 7. f4 d6 8. Be3 dxe5 9. fxe5 N8e7 10. Bc4 Nf5 11. Qf3 Be6 12. Bxe6 fxe6 13. O-O Qd7 14. Qxb7 Rd8 15. Bg5 Be7 16. Bxe7 Ngxe7 17. Rf4 O-O 18. Ne2 Ng6 19. Rg4 Nxe5 20. dxe5 Ne3 21. Rf4 Rxf4 22. Nxf4 Qd4 23. Nxe6 Qxe5 24. Nxd8 Ng4 25. Qb3+ 1-0


[Site "https://www.chess.com"]

[Event "Titled Tuesday Blitz March 15 Late 2022"]
[White "Melkumyan, Hrant"]
[Black "Kosteniuk, Alexandra"]
[WhiteFideId "13302485"]
[BlackFideId "4128125"]
[WhiteElo "2604"]
[BlackElo "2469"]
[Result "1-0"]
[Round "03"]
[TimeControl "180+1"]
[Date "2022.03.15"]
[WhiteClock "0:00:11"]
[BlackClock "0:00:06"]

1. d4 Nf6 2. c4 e6 3. Nf3 d5 4. Nc3 Bb4 5. Bg5 O-O 6. e3 h6 7. Bxf6 Qxf6 8. Rc1 Nc6 9. Qb3 Rd8 10. a3 Ba5 11. Be2 dxc4 12. Qxc4 e5 13. d5 Ne7 14. b4 Bb6 15. O-O Bf5 16. Rfd1 Rac8 17. Nd2 Qg6 18. Nde4 h5 19. Ng3 Bg4 20. Bxg4 Qxg4 21. Qxg4 hxg4 22. Nge4 f6 23. Nc5 Bxc5 24. bxc5 Kf7 25. e4 Ng6 26. Rb1 b6 27. Nb5 a6 28. Na7 Ra8 29. Nc6 Rd7 30. cxb6 cxb6 31. Rxb6 Nf4 32. g3 Nh3+ 33. Kg2 Ng5 34. Rb4 Rh8 35. Rdb1 Rh3 36. Rb7 Rxb7 37. Rxb7+ Kg6 38. Ne7+ Kh5 39. Rb8 Nxe4 40. f3 Nd2 41. fxg4+ Kxg4 42. d6 e4 43. Nd5 Rh7 44. Ne3+ Kg5 45. d7 1-0


[Site "https://www.chess.com"]